 Dungeon Sprint DCSS version 0.21.2 (webtiles) character file.

632 Fang the Cleaver (level 7, -20/78 HPs)
             Began as a Gargoyle Berserker on Sept 25, 2018.
             Was a High Priest of Trog.
             Demolished by a white ugly thing (23 damage)
             ... in the Dungeon (Sprint IX: "|||||||||||||||||||||||||||||").
             The game lasted 00:02:08 (407 turns).

Fang the Cleaver (Gargoyle Berserker)                Turns: 407, Time: 00:02:09

Health: -20/78     AC:  9    Str: 27    XL:     7   Next: 49%
Magic:  7/7        EV: 13    Int: 11    God:    Trog [*****.]
Gold:   0          SH:  0    Dex:  9    Spells: 6/6 levels left

rFire    . . .     SeeInvis .   m - +1 broad axe (chop)
rCold    . . .     Gourm    .   (no shield)
rNeg     + . .     Faith    .   b - +0 animal skin
rPois    ∞         Spirit   .   (no helmet)
rElec    +         Reflect  .   (no cloak)
rCorr    .         Harm     .   (no gloves)
MR       .....     NoTele   +   (no boots)
Stlth    ..........             (no amulet)
HPRegen  0.23/turn              n - +3 ring of intelligence
MPRegen  0.10/turn              o - +2 ring of protection

@: berserking, very quick
A: negative energy resistance 1, electricity resistance, unbreathing,
petrification resistance, rot immunity, AC +4
a: Berserk, Trog's Hand, Brothers in Arms, Burn Spellbooks, Renounce Religion


You were in the Dungeon.
You worshipped Trog.
Trog was extremely pleased with you.
You were not hungry.

You visited 1 branch

Inventory:

Hand Weapons
 a - a +0 hand axe
 m - a +1 broad axe of chopping (weapon)
Armour
 b - a +0 animal skin (worn)
Jewellery
 n - a +3 ring of intelligence (left hand)
 o - a +2 ring of protection (right hand)
Wands
 l - a wand of iceblast (10)
Scrolls
 i - 2 scrolls of blinking
 k - 3 scrolls of remove curse
Potions
 d - 5 potions of curing
 e - 3 potions of heal wounds
 f - a potion of haste
 g - 4 potions of magic
 h - a potion of berserk rage
 j - a potion of invisibility
Comestibles
 c - a ration
 p - 2 chunks of flesh


   Skills:
 + Level 10.2 Fighting
 + Level 10.7 Axes
 + Level 4.5 Armour
 + Level 4.6 Dodging


You had 6 spell levels left.
You didn't know any spells.

Dungeon Overview and Level Annotations

Branches:
Dungeon (1/1)

Altars:
Cheibriados
Dithmenos
Elyvilon
Fedhas
Gozag
Hepliaklqana
Kikubaaqudgha
Makhleb
Nemelex Xobeh
Okawaru
Qazlal
Ru
Sif Muna
Trog
Uskayaw
Vehumet
Wu Jian
Xom
Yredelemnul
Zin
The Shining One
Beogh
Jiyva
Lugonu


Innate Abilities, Weirdness & Mutations

You are resistant to torment.
Your stone body is resilient. (AC +4)
You are immune to poison.
You resist negative energy. (rN+)
You are resistant to electric shocks. (rElec)
You can survive without breathing.
You are immune to petrification.
You are immune to rotting.


Message History

You are too injured to fight recklessly!
You are too injured to fight recklessly!
You are too injured to fight recklessly!
You are too injured to fight recklessly!
You are too injured to fight recklessly!
You are too injured to fight recklessly!
You are too injured to fight recklessly!
You are too injured to fight recklessly!
You are too injured to fight recklessly!
You are too injured to fight recklessly!
You are too injured to fight recklessly!
You are too injured to fight recklessly!
You barely miss the white ugly thing.
The white ugly thing is severely wounded.
You barely miss the white ugly thing.
The white ugly thing is severely wounded.
The white ugly thing tentacle-slaps you.
* * * LOW HITPOINT WARNING * * *
The white ugly thing freezes you!!
You die... ▓▓▓▓▓▓▓▓▓▓▓▓▓▓▓▓▓▓▓▓▓▓▓▓ '.?|)([[..'.)...@uhpHZZ. ▓▓▓▓▓▓▓▓▓▓▓▓▓▓▓▓▓▓▓▓▓▓▓▓

You could see a death knight, a white ugly thing, a manticore, a black bear, a bat zombie and a jackal skeleton.

Vanquished Creatures
  A hungry ghost (D)
  An ice beast (D)
  A sky beast (D)
  A phantom (D)
  An ogre (D)
  A centaur (D)
  A howler monkey (D)
  An iguana (D)
  An adder (D)
  A leopard gecko (D)
  An orc (D)
  A ball python (D)
  2 goblins (D)
  A bat (D)
  A rat (D)
16 creatures vanquished.

Notes
Turn   | Place    | Note
-------+----------+-------------------------------------------
     0 | D        | Fang the Gargoyle Berserker began the quest for the Orb.
     0 | D        | Reached XP level 1. HP: 14/14 MP: 1/1
    16 | D        | Reached ** piety under Trog
    46 | D        | Noticed an ogre
    46 | D        | Noticed an ice beast
    46 | D        | Noticed a howler monkey
    46 | D        | Noticed an iguana
    53 | D        | Killed an ogre
    53 | D        | Reached XP level 2. HP: 13/22 MP: 2/2
    53 | D        | Reached XP level 3. HP: 15/27 MP: 3/3
    53 | D        | Reached XP level 4. HP: 19/32 MP: 4/4
    57 | D        | Killed an ice beast
    57 | D        | Reached *** piety under Trog
    57 | D        | Reached XP level 5. HP: 23/38 MP: 5/5
    61 | D        | Reached XP level 6. HP: 26/44 MP: 6/6
   100 | D        | Found a roughly hewn altar of Beogh.
   100 | D        | Found a snail-covered altar of Cheibriados.
   100 | D        | Found a shadowy altar of Dithmenos.
   100 | D        | Found a white marble altar of Elyvilon.
   100 | D        | Found a blossoming altar of Fedhas.
   100 | D        | Found an opulent altar of Gozag.
   129 | D        | Found a hazy altar of Hepliaklqana.
   130 | D        | Found a viscous altar of Jiyva.
   131 | D        | Found an ancient bone altar of Kikubaaqudgha.
   132 | D        | Found a corrupted altar of Lugonu.
   133 | D        | Found a burning altar of Makhleb.
   134 | D        | Found a sparkling altar of Nemelex Xobeh.
   135 | D        | Found an iron altar of Okawaru.
   136 | D        | Found a stormy altar of Qazlal.
   137 | D        | Found a sacrificial altar of Ru.
   138 | D        | Found a deep blue altar of Sif Muna.
   139 | D        | Found a bloodstained altar of Trog.
   140 | D        | Found a hide-covered altar of Uskayaw.
   141 | D        | Found a radiant altar of Vehumet.
   142 | D        | Found an ornate altar of the Wu Jian Council.
   143 | D        | Found a shimmering altar of Xom.
   144 | D        | Found a basalt altar of Yredelemnul.
   145 | D        | Found a glowing silver altar of Zin.
   146 | D        | Found a glowing golden altar of the Shining One.
   174 | D        | Noticed a hungry ghost
   174 | D        | Noticed a phantom
   174 | D        | Noticed a sky beast
   180 | D        | Killed a hungry ghost
   180 | D        | Reached **** piety under Trog
   185 | D        | Reached skill level 10 in Axes
   185 | D        | Reached XP level 7. HP: 38/51 MP: 7/7
   193 | D        | Reached ***** piety under Trog
   193 | D        | Reached skill level 10 in Fighting
   399 | D        | Noticed a white ugly thing
   399 | D        | Noticed a death knight
   399 | D        | Noticed a manticore
   405 | D        | HP: 3/78 [white ugly thing (32)]
   407 | D        | Demolished by a white ugly thing

Skill      XL: |  1  2  3  4  5  6  7 |
---------------+----------------------+-----
Axes           | 6 7 8 10 | 10.7
Fighting       | 6 7 8 9 10 | 10.2
Armour         | 3 4 |  4.5
Dodging        | 2 3 4 |  4.6

Action                   |  1- 3 |  4- 6 |  7- 9 || total
-------------------------+-------+-------+-------++-------
Melee: Hand axe          |    23 |    11 |       ||    34
       Broad axe         |       |     8 |    18 ||    26
Invok: Berserk           |     1 |     1 |     1 ||     3
  Eat: Chunk             |       |       |     3 ||     3
Armor: Animal skin       |     4 |     4 |    11 ||    19
Dodge: Dodged            |    22 |    10 |    10 ||    42
